 Dungeon Crawl Stone Soup version 0.30.1 (webtiles) character file.

Game seed: 16155479806688870275

186 Spearmint the Cudgeller (level 5, -5/53 HPs)
             Began as a Troll Berserker on July 13, 2023.
             Was a Believer of Trog.
             Slain by an ogre
             ... wielding a +0 giant spiked club
              (26 damage)
             ... on level 4 of the Dungeon.
             The game lasted 00:42:00 (1380 turns).

Spearmint the Cudgeller (Troll Berserker)           Turns: 1380, Time: 00:42:01

Health: -5/53      AC:  5    Str: 25    XL:     5   Next: 38%
Magic:  4/4        EV: 10    Int:  5    God:    Trog [**....]
Gold:   93         SH:  0    Dex:  9    Spells: 4/4 levels left

rFire   . . .        f - +2 dagger (venom)
rCold   . . .        (no shield)
rNeg    + . .        m - +1 robe {rN+}
rPois   .            (helmet restricted)
rElec   .            (no cloak)
rCorr   .            (gloves unavailable)
SInv    .            (boots unavailable)
Will    ++...        (no amulet)
Stlth   +            (no ring)
HPRegen 2.08/turn    (no ring)
MPRegen 0.09/turn

%: no passive effects
@: strong-willed, regenerating
A: large, unfitting armour, claws 3, regeneration 1, shaggy fur 1, tough skin 1
a: Renounce Religion, Berserk, Trog's Hand


You were on level 4 of the Dungeon.
You worshipped Trog.
Trog was pleased with you.
You visited 1 branch of the dungeon, and saw 4 of its levels.

You collected 93 gold pieces.

Inventory:

Hand Weapons
 a - a +0 flail
 f - a +2 dagger of venom (weapon)
 j - a +0 falchion
Missiles
 d - 2 javelins
Armour
 b - a +1 animal skin
 m - a +1 robe of positive energy (worn)
Jewellery
 k - an amulet of the acrobat
Scrolls
 g - a scroll of amnesia {unknown}
Potions
 c - a potion of brilliance {unknown}
 h - 3 potions of heal wounds
 i - 2 potions of haste
 l - 2 potions of attraction {unknown}


   Skills:
 + Level 3.2 Fighting
 + Level 2.2 Short Blades
 + Level 3.3 Maces & Flails
 + Level 3.3 Dodging


You had 4 spell levels left.
You didn't know any spells.
Your spell library was empty.

Dungeon Overview and Level Annotations

Branches:
Dungeon (4/15)
 Temple: D:4-7

Altars:
Hepliaklqana
Xom

Shops:
D:2 =


Innate Abilities, Weirdness & Mutations

You are too large for most types of armour.
You have claws for hands.
Your natural rate of healing is unusually fast.
You are covered in fur. (AC +1)
You have tough skin. (AC +1)


Message History

The jelly hits you but does no damage.
You see here a quokka corpse.
You hit the jelly.
The jelly is poisoned.
Your claws burn!
The jelly is moderately wounded.
The jelly hits you but does no damage.
You hit the jelly. The acid corrodes you!
Your claws burn!
The jelly is heavily wounded.
The jelly barely misses you.
You hit the jelly.
Your claws burn!
The jelly is severely wounded.
The jelly hits you.
You are splashed with acid.
You hit the jelly.
Your claws burn!
The jelly is almost dead.
The jelly closely misses you.
You hit the jelly.
Your claws burn!
The jelly is almost dead.
You kill the jelly!
Trog accepts your kill.
There is an open door here.
There is a shimmering altar of Xom here.
You kneel at the altar of Xom.
There is an open door here.
You now have 93 gold pieces (gained 14).
You are no longer corroded.
Found a scroll of identify.
Found a stone staircase leading down.
An ogre comes into view. It is wielding a +0 giant spiked club.
The ogre shouts!
You hit the ogre.
The ogre is poisoned.
The ogre is lightly wounded.
The ogre hits you with a +0 giant spiked club!!
You hit the ogre but do no damage.
The ogre looks as sick as possible!
The ogre is lightly wounded.
The ogre hits you with a +0 giant spiked club!
Your skin crawls.
You feel strong-willed.
You hit the ogre.
The ogre looks as sick as possible!
The ogre is heavily wounded.
The ogre hits you with a +0 giant spiked club!!
You die...

##. ... ..######...
#......... #.......^
###......# #####
#........+ ...#
#.#......#+# #..###
#.#..@?....# ##.##_####
#>#..O...###
....#'#..###........#
....†..................
.............##........#
...†..##....###.########
######..........#
............#####
###....####...


You could see an ogre (extremely poisoned).

Vanquished Creatures
  A jelly (D:4)
  Natasha (D:3)
  An iguana (D:3)
  Robin (D:2)
  A gnoll (D:1)
  2 adders
  3 dart slugs
  2 orcs (D:3)
  5 bats
  3 endoplasms
  A giant cockroach (D:2)
  15 goblins
  6 hobgoblins
  3 jackals (D:2)
  5 kobolds
  A quokka (D:4)
  2 ball pythons
  3 frilled lizards
  3 rats
59 creatures vanquished.

Vanquished Creatures (others)
  A jackal (D:3)
1 creature vanquished.

Grand Total: 60 creatures vanquished

Notes
Turn   | Place    | Note
-------+----------+-------------------------------------------
     0 | D:1      | Spearmint the Troll Berserker began the quest for the Orb.
     0 | D:1      | Reached XP level 1. HP: 22/22 MP: 0/0
    78 | D:1      | Reached XP level 2. HP: 19/29 MP: 1/1
    87 | D:1      | Found a faded altar of an unknown god.
   146 | D:2      | Noticed Robin
   168 | D:2      | Killed Robin
   169 | D:2      | Reached XP level 3. HP: 36/36 MP: 2/2
   599 | D:3      | Noticed Natasha
   613 | D:3      | Killed Natasha
   614 | D:3      | Reached skill level 1 in Short Blades
   614 | D:3      | Reached XP level 4. HP: 42/45 MP: 3/3
   633 | D:3      | Found a hazy altar of Hepliaklqana.
   740 | D:3      | Reached ** piety under Trog
   863 | D:2      | Found Dihar's Jewellery Shop.
  1200 | D:2      | Reached XP level 5. HP: 38/53 MP: 4/4
  1344 | D:4      | Found a shimmering altar of Xom.
  1373 | D:4      | Noticed an ogre
  1380 | D:4      | Slain by an ogre

Illustrated notes

Levels and vault maps discovered:
D:1:      onia_arrival_mini_spirals, layout_basic,
          chequers_ecumenical_altar_island, chequers_mini_garden
D:2:      minmay_diamond_boxcup, layout_basic, serial_shops,
          nicolae_shop_gaudy_bauble, minivault_4, uniq_robin
D:3:      layout_rooms, worldfamousw_hep_ancestral_shrine, nrook_campfire,
          uniq_natasha
D:4:      layout_rooms, kennysheep_mini, kennysheep_little_box,
          gup_sewer_entry_glass, serial_shops, nicolae_shop_behind_doors

Skill      XL: |  1  2  3  4  5 |
---------------+----------------+-----
Maces & Flails | 3 |  3.3
Fighting       | 3 |  3.2
Short Blades   | 1 2 |  2.2
Dodging        | 3 |  3.3

Action                     |  1- 3 |  4- 6 || total
---------------------------+-------+-------++-------
  Melee: Mace              |     5 |       ||     5
         Dagger            |    71 |   119 ||   190
 Invoke: Berserk           |     3 |       ||     3
         Trog's Hand       |       |     1 ||     1
    Use: Scroll            |     3 |       ||     3
 Armour: Animal skin       |    43 |    47 ||    90
         Robe              |       |     8 ||     8
  Dodge: Dodged            |    40 |    79 ||   119
